 Dungeon Crawl Stone Soup version 0.20.1-1-g8b1a95d66d (webtiles) character file.

33 Meaglor the Caller (level 3, -1/24 HPs)
             Began as a Demonspawn Summoner on Dec 2, 2017.
             Killed from afar by Natasha (6 damage)
             ... with a magic dart
             ... on level 2 of the Dungeon.
             The game lasted 00:05:48 (1327 turns).

Meaglor the Caller (Demonspawn Summoner)            Turns: 1327, Time: 00:05:48

Health: -1/24      AC:  3    Str:  8    XL:     3   Next: 12%
Magic:  3/6        EV: 11    Int: 17    God:
Gold:   12         SH:  0    Dex: 13    Spells: 0/6 levels left

rFire    . . .     SeeInvis .   f - +0 short sword
rCold    . . .     Gourm    .   (no shield)
rNeg     . . .     Faith    .   g - +0 leather armour
rPois    .         Spirit   .   (helmet restricted)
rElec    .         Reflect  .   (no cloak)
rCorr    .         Harm     .   (no gloves)
MR       .....                  (no boots)
Stlth    ++........             (no amulet)
Regen    0.1/turn               (no ring)
MPRegen  0.1/turn               (no ring)

@: flying
A: antennae 1, demonic guardian 1
a: no special abilities


You were on level 2 of the Dungeon.
You were not hungry.

You visited 1 branch of the dungeon, and saw 2 of its levels.

You collected 12 gold pieces.

Inventory:

Hand Weapons
 f - a +0 short sword (weapon)
Armour
 a - a +0 robe
 g - a +0 leather armour (worn)
Scrolls
 c - a scroll of remove curse {unknown}
 d - a scroll of noise {unknown}
 h - a scroll of magic mapping {unknown}
 i - 3 scrolls of teleportation {unknown}
Potions
 e - a potion of flight
Books
 b - a book of Callings

   Spells                             Type                      Level
   a - Summon Small Mammal            Summoning                    1
   b - Call Imp                       Summoning                    2
   c - Call Canine Familiar           Summoning                    3
   d - Summon Guardian Golem          Hexes/Summoning              3
   e - Summon Lightning Spire         Summoning/Air                4
   f - Summon Ice Beast               Ice/Summoning                4


   Skills:
 + Level 0.2 Fighting
 + Level 1.0 Short Blades
 + Level 0.1 Armour
 + Level 1.9 Dodging
 + Level 1.8 Stealth
 * Level 2.2 Spellcasting
 + Level 4.4 Summonings


You couldn't memorise any spells.
You knew the following spells:

 Your Spells              Type           Power        Failure   Level  Hunger
a - Summon Small Mammal   Summ           ###.         4%          1    #......
b - Call Imp              Summ           ###.....     7%          2    ###....
c - Call Canine Familiar  Summ           ###.....     13%         3    ###....


Dungeon Overview and Level Annotations

Branches:
Dungeon (2/15)

Altars:

Annotations:
D:2 Natasha


Innate Abilities, Weirdness & Mutations

You have a pair of small antennae on your head.
A weak demonic guardian rushes to your aid.


Message History

The white imp dies!
Natasha claws you but does no damage.
As you read the scroll labeled FALAFR ZUORPH, it crumbles to dust.
The scroll dissolves into smoke.
It was a scroll of fog.
Your crimson imp closely misses Natasha.
Natasha howls an incantation.
You feel disoriented. Natasha barely misses you.
Your crimson imp blinks!
Your iron imp barely misses Natasha.
Natasha howls an incantation.
Natasha glows brightly for a moment.
Your iron imp barely misses Natasha.
Natasha barely misses you.
Your magical contamination has completely faded away.
There is an open door here.
Your crimson imp blinks!
Natasha casts a spell at you. The magic dart hits you!
You die...

###########
####.........#
#.....<..###.#######
...##.###>##.........
# #.#.....#####
#.##...## #.###.##
#.# #.# . #.# #@# .#
..###'## #.#
####.h.###..##
##.§5§.PPPPP#
##...§§.P$$$P#
#...§§§..$$$P#
+.......P$$$P.
#.##§......PPPPP#
.............####


You could see Natasha and a friendly iron imp.

Vanquished Creatures
  2 oozes (D:1)
  A dart slug (D:1)
  A leopard gecko (D:1)
  A ball python (D:1)
  A giant cockroach (D:1)
  3 goblins (D:1)
  A hobgoblin (D:1)
  3 bats (D:1)
  A frilled lizard (D:1)
  2 kobolds (D:1)
  5 rats (D:1)
21 creatures vanquished.

Vanquished Creatures (collateral kills)
  A bat (D:1)
  A hobgoblin (D:1)
  A kobold (D:1)
3 creatures vanquished.

Vanquished Creatures (others)
  A fungus (D:2)
1 creature vanquished.

Grand Total: 25 creatures vanquished

Notes
Turn   | Place    | Note
-------+----------+-------------------------------------------
     0 | D:1      | Meaglor the Demonspawn Summoner began the quest for the Orb.
     0 | D:1      | Reached XP level 1. HP: 13/13 MP: 3/3
   384 | D:1      | Gained mutation: You have a pair of small antennae on your head. [demonic ancestry]
   384 | D:1      | Reached XP level 2. HP: 10/19 MP: 5/5
   523 | D:1      | Learned a level 2 spell: Call Imp
   739 | D:1      | Reached skill level 1 in Short Blades
  1070 | D:1      | Gained mutation: A weak demonic guardian rushes to your aid. [demonic ancestry]
  1070 | D:1      | Reached XP level 3. HP: 21/24 MP: 6/6
  1075 | D:1      | Learned a level 3 spell: Call Canine Familiar
  1291 | D:2      | Noticed Natasha
  1327 | D:2      | Killed from afar by Natasha

Skill      XL: |  1  2 |
---------------+-------+-----
Short Blades   | 1 |  1.0
Fighting       | |  0.2
Armour         | |  0.1
Dodging        | |  1.9
Stealth        | |  1.8
Spellcasting   | |  2.2
Summonings     | |  4.4

Action                   || total
-------------------------++-------
Melee: Short sword       ||    72
       Unarmed           ||     4
 Cast: Summon Small Mamm ||     2
       Call Imp          ||     3
  Use: Scroll            ||     1
       Potion            ||     1
  Eat: Bread ration      ||     1
Armor: Robe              ||     5
       Leather armour    ||    16
Dodge: Dodged            ||    62
